 Dungeon Crawl Stone Soup version bcrawl-1.27.6 (webtiles) character file.

Game seed: 17639568827896681888

112308 Freyura the Cudgeler (level 3, -1/28 HPs)
             Began as a Demonspawn Gladiator on Sept 14, 2020.
             Slain by Crazy Yiuf
             ... wielding a +2 quarterstaff of chaos
              (7 damage)
             ... on level 2 of the Dungeon.
             The game lasted 00:03:53 (1850 turns).

Freyura the Cudgeler (Demonspawn Gladiator)         Turns: 1850, Time: 00:03:54

Health: -1/28      AC:  4    Str: 14    XL:     3   Next: 89%
Magic:  0/3        EV: 16    Int:  9    God:
Gold:   124        SH:  0    Dex: 15    Spells: 2/2 levels left

rFire    . . .     SeeInvis .   a - +1 flail
rCold    . . .     Gourm    .   (no shield)
rNeg     . . .     Faith    .   b - +0 leather armour
rPois    .         Spirit   +   c - +0 helmet
rElec    .         Reflect  .   (no cloak)
rCorr    .         Harm     .   (no gloves)
MR       .....                  (no boots)
Stlth    +.........             (no amulet)
HPRegen  0.09/turn              f - +4 ring of evasion
MPRegen  0.08/turn              (no ring)

@: starving, drained
A: claws 1, magic shield
a: no special abilities


You were on level 2 of the Dungeon.
You were starving.

You visited 1 branch of the dungeon, and saw 2 of its levels.

You collected 124 gold pieces.

Inventory:

Hand Weapons
 a - a +1 flail (weapon)
Missiles
 d - 3 throwing nets {=f}
Armour
 b - a +0 leather armour (worn)
 c - a +0 helmet (worn)
Jewellery
 f - a +4 ring of evasion (left claw)
Scrolls
 i - 4 scrolls of identify
Potions
 g - a potion of invisibility
 h - 2 potions of berserk rage
 j - a potion of heal wounds
 k - a potion of might
 l - a potion of agility {unknown}
Comestibles
 e - 6 rations {!d}


   Skills:
 + Level 2.5(2.0) Fighting
 * Level 3.5(2.9) Maces & Flails
 - Level 1.7(1.2) Throwing
 + Level 1.1(0.6) Armour
 + Level 3.1(2.5) Dodging


You had 2 spell levels left.
You didn't know any spells.
Your spell library was empty.

Dungeon Overview and Level Annotations

Branches:
Dungeon (2/12)

Altars:
The Shining One

Annotations:
D:2 Crazy Yiuf


Innate Abilities, Weirdness & Mutations

You have sharp fingernails.
When hurt, damage is shared between your health and your magic reserves.


Message History

You completely miss Crazy Yiuf.
Crazy Yiuf is heavily wounded.
Crazy Yiuf completely misses you. Crazy Yiuf misses you.
You hit Crazy Yiuf.
Crazy Yiuf is heavily wounded.
Crazy Yiuf closely misses you.
You barely miss Crazy Yiuf.
Crazy Yiuf is heavily wounded.
Crazy Yiuf hits you with a +2 quarterstaff of chaos.
* * * LOW HITPOINT WARNING * * *
Crazy Yiuf burns you.
* * * LOW HITPOINT WARNING * * *
You barely miss Crazy Yiuf.
Crazy Yiuf is heavily wounded.
Crazy Yiuf closely misses you.
You hit Crazy Yiuf but do no damage.
Crazy Yiuf is heavily wounded.
Crazy Yiuf screams, "Mugger!"
Crazy Yiuf hits you with a +2 quarterstaff of chaos!
You die...

#.###########
#...# #.# #...#
#.# #.#># #.#
##### #.#
#.########
#.#....#.### ####
#.......#..##...#
#......####.@g..#
##....## ###..)#
###### ####


You could see Crazy Yiuf.

Vanquished Creatures
  3 worms (D:2)
  3 leopard geckos
  An orc (D:2)
  A ball python (D:1)
  4 bats
  A giant cockroach (D:2)
  4 goblins
  10 hobgoblins
  2 jackals (D:1)
  4 frilled lizards
  6 kobolds
  9 rats
48 creatures vanquished.

Vanquished Creatures (others)
  A plant (D:1)
1 creature vanquished.

Grand Total: 49 creatures vanquished

Notes
Turn   | Place    | Note
-------+----------+-------------------------------------------
     0 | D:1      | Freyura the Demonspawn Gladiator began the quest for the
                  | Orb.
     0 | D:1      | Reached XP level 1. HP: 16/16 MP: 1/1
   140 | D:1      | Gained mutation: You have sharp fingernails. [demonic
                  | ancestry]
   140 | D:1      | Reached XP level 2. HP: 22/22 MP: 2/2
  1008 | D:2      | Gained mutation: When hurt, damage is shared between your
                  | health and your magic reserves. [demonic ancestry]
  1008 | D:2      | Reached XP level 3. HP: 28/28 MP: 3/3
  1127 | D:2      | Reached skill level 1 in Armour
  1333 | D:2      | Found a glowing golden altar of the Shining One.
  1527 | D:2      | Found a runed door.
  1839 | D:2      | Noticed Crazy Yiuf
  1850 | D:2      | Slain by Crazy Yiuf

Skill      XL: |  1  2  3 |
---------------+----------+-----
Maces & Flails | 3 |  3.5
Dodging        | 3 |  3.1
Armour         | 1 |  1.1
Fighting       | |  2.5
Throwing       | |  1.7

Action                   || total
-------------------------++-------
Melee: Flail             ||   157
  Use: Scroll            ||     8
 Stab: Sleeping          ||     1
  Eat: Chunk             ||     5
Armor: Leather armour    ||    34
Dodge: Dodged            ||   154
